 Dungeon Crawl Stone Soup version 0.30.0-29-ga12c61a403 (webtiles) character file.

Game seed: 15240300384762164713

70 LustLizard the Gusty (level 4, 0/27 HPs)
             Began as an Octopode Air Elementalist on June 24, 2023.
             Killed from afar by an orc wizard (6 damage)
             ... with a magic dart
             ... on level 3 of the Dungeon.
             The game lasted 00:01:53 (2309 turns).

LustLizard the Gusty (Octopode Air Elementalist)    Turns: 2309, Time: 00:01:54

Health: 0/27       AC:  1    Str:  9    XL:     4   Next: 21%
Magic:  1/7        EV: 13    Int: 17    God:
Gold:   89         SH:  0    Dex: 12    Spells: 1/7 levels left

rFire   . .          .
                       - Unarmed
rCold   . . .        (no shield)
rNeg    . . .        (helmet restricted)
rPois   .            (no amulet)
rElec   .            (no ring)
rCorr   .            (no ring)
SInv    .            (no ring)
Will    .....        (no ring)
Stlth   ++           (no ring)
HPRegen 0.24/turn    (no ring)
MPRegen 0.10/turn    (no ring)
                     (no ring)

%: no passive effects
@: confused, lethally poisoned (0 -> -1)
A: almost no armour, amphibious, 8 rings, camouflage 1, gelatinous body 1,
(nimble swimmer 1), tentacles
a: no special abilities


You were on level 3 of the Dungeon.
You visited 1 branch of the dungeon, and saw 3 of its levels.

You collected 89 gold pieces.

Inventory:

Scrolls
 e - 2 scrolls of fog {unknown}
 g - a scroll of blinking {unknown}
 h - a scroll of enchant weapon {unknown}
 i - a scroll of teleportation {unknown}
 k - a scroll of identify {unknown}
 m - a scroll of noise {unknown}
 n - a scroll of magic mapping {unknown}
Potions
 a - a potion of magic
 b - 2 potions of invisibility {unknown}
 c - 2 potions of heal wounds {unknown}
 d - 5 potions of curing {unknown}
 f - 2 potions of mutation {unknown}
 j - a potion of haste {unknown}
 l - 3 potions of brilliance {unknown}


   Skills:
 + Level 0.9 Fighting
 - Level 2.0 Dodging
 + Level 3.1 Stealth
 + Level 1.1 Unarmed Combat
 + Level 2.3 Spellcasting
 + Level 1.5 Conjurations
 * Level 3.8 Air Magic


You had one spell level left.
You knew the following spells:

 Your Spells              Type           Power      Damage    Failure   Level
a - Shock                 Conj/Air       44%        1d5       6%          1
b - Static Discharge      Conj/Air       22%        2-3/arc   10%         2
c - Swiftness             Air            15%        N/A       12%         3

Your spell library contained the following spells:

 Spells                   Type           Power      Damage    Failure   Level
 Lesser Beckoning         Tloc           4%         N/A       28%         2
 Airstrike                Air            7%         2d(2-18)  36%         4
 Gell's Gravitas          Tloc           2%         N/A       50%         3
 Teleport Other           Tloc           2%         N/A       50%         3


Dungeon Overview and Level Annotations

Branches:
Dungeon (3/15)

Altars:


Innate Abilities, Weirdness & Mutations

You cannot wear most types of armour.
You are amphibious.
You can wear up to eight rings at the same time.
Your skin changes colour to match your surroundings (Stealth+).
Your rubbery body absorbs attacks. (AC +1, EV +1)
((You are camouflaged when in or above water. (Stealth+)))
You have tentacles for arms and can constrict up to eight enemies at once.


Message History

Unknown command.
The orc wizard attacks as you move away!
The orc wizard hits you with a +0 dagger.
You barely miss the orc wizard.
The orc wizard is heavily wounded.
The orc wizard hits you with a +0 dagger.
Unknown command.
You bump into the rock wall.
The orc wizard points at you and mumbles some strange words.
You are more confused.
Unknown command.
The adder closely misses you.
Unknown command.
You're too confused to move!
The adder barely misses you. The orc wizard barely misses you.
The adder bites you. The adder bites you.
Unknown command.
The adder bites you.
You are poisoned.
The adder poisons you!
Unknown command.
You barely miss the orc wizard. Your squeeze misses the orc wizard.
The orc wizard is heavily wounded.
You feel sick. The adder bites you. The frilled lizard closely misses you.
The orc wizard casts a spell at you.
You are more confused.
The adder bites you.
Unknown command.
You bump into the rock wall.
You feel sick. The frilled lizard barely misses you.
The orc wizard hits you with a +0 dagger.
The adder bites you.
* * * LOW HITPOINT WARNING * * *
Unknown command.
You barely miss the orc wizard.
The orc wizard is heavily wounded.
You feel sick. The frilled lizard closely misses you.
The orc wizard gestures at you while chanting.
The magic dart hits you.
You die...

....#####..............
....'..............#.
....#####..........# ..
.............#.#†#..... ...
....#####.##.#.#.###.###...
#..######..........# ......
#............#.#.#.# ..o)..
#..#...#######.#oS.##...#.#
.......+ .......@l.........
####...# #..........)......
....#### ############!..#..
..... ...+ ###.# ..# . .#
## .# .# .#


You could see an orc wizard, an adder and a frilled lizard.

Vanquished Creatures
  An orc wizard (D:3)
  A worm (D:3)
  A dart slug (D:1)
  An orc (D:3)
  A bat (D:1)
  6 endoplasms
  A giant cockroach (D:1)
  5 goblins
  A hobgoblin (D:1)
  8 jackals
  A kobold (D:2)
  2 ball pythons
  5 rats
34 creatures vanquished.

Notes
Turn   | Place    | Note
-------+----------+-------------------------------------------
     0 | D:1      | LustLizard the Octopode Air Elementalist began the quest
                  | for the Orb.
     0 | D:1      | Reached XP level 1. HP: 11/11 MP: 3/3
   346 | D:1      | Reached XP level 2. HP: 17/17 MP: 0/5
  1024 | D:1      | Reached XP level 3. HP: 22/22 MP: 2/6
  2218 | D:3      | Learned a level 2 spell: Static Discharge
  2222 | D:3      | Learned a level 3 spell: Swiftness
  2287 | D:3      | Reached skill level 1 in Unarmed Combat
  2290 | D:3      | Reached XP level 4. HP: 27/27 MP: 0/7
  2309 | D:3      | Killed from afar by an orc wizard

Illustrated notes

Levels and vault maps discovered:
D:1:      minmay_arrival_split_and_join, layout_loops_ring
D:2:      layout_loops_ring
D:3:      minmay_door_path, layout_basic, dk_yredelemnul_ordeal

Skill      XL: |  1  2  3 |
---------------+----------+-----
Stealth        | 3 |  3.1
Unarmed Combat | 1 |  1.1
Fighting       | |  0.9
Dodging        | |  2.0
Spellcasting   | |  2.3
Conjurations   | |  1.5
Air Magic      | |  3.8

Action                     |  1- 3 |  4- 6 || total
---------------------------+-------+-------++-------
  Melee: Unarmed           |    16 |     6 ||    22
         Constrict         |     6 |     1 ||     7
         Tentacles         |     2 |       ||     2
   Cast: Shock             |    78 |     1 ||    79
  Dodge: Dodged            |     8 |     8 ||    16
